 Dungeon Crawl Stone Soup version 0.19-a0-1260-gc94d3f7 (webtiles) character file.

169075 4thArraOfDagon the Brawler (level 17, -3/224 HPs)
             Began as a Troll Fighter on Aug 28, 2016.
             Was a High Priest of Qazlal.
             Killed from afar by a crystal guardian (38 damage)
             ... with a crystal bolt
             ... in the Desolation of Salt.
             The game lasted 01:11:15 (12934 turns).

4thArraOfDagon the Brawler (Troll Fighter)         Turns: 12934, Time: 01:11:15

Health: -3/224     AC: 28    Str: 32    XL:     17   Next: 34%
Magic:  1/34       EV: 12    Int:  9    God:    Qazlal [*****.]
Gold:   383        SH: 20    Dex: 17    Spells: 7 memorised, 3 levels left

rFire  . . .     SeeInvis +       - Unarmed
rCold  + + .     Gourm    +     (armour currently unavailable)
rNeg   + . .     Faith    .     b - +1 shield
rPois  ∞         Spirit   .     i - +0 hat "Bouca" {rElec Dex+8 SInv Stlth-}
rElec  +         Dismiss  .     T - +1 cloak {MR+}
rCorr  .         Reflect  .     (gloves unavailable)
MR     ++...     Harm     .     (boots unavailable)
Stlth  +.........               Y - amulet of Vitality {Regen+ HP+15}
                                R - ring of Creativity {Wiz +Inv rElec SInv}
                                v - ring of magical power

@: lethally poisoned (-3 -> -3), statue-form, protected from cold, very slightly
contaminated, studying Armour, repel missiles, very slow
A: unfitting armour, claws 3, (iridescent scales 0), (thin metallic scales 0),
blurry vision 2, cold resistance 1, deformed body, fast metabolism 3, gourmand,
regeneration 2, (shaggy fur 0), strong 2, (tough skin 0), wild magic 1
a: End Transformation, Upheaval, Elemental Force, Disaster Area, Renounce
Religion, Evoke Invisibility


You were in the Desolation of Salt.
You worshipped Qazlal.
Qazlal was extremely pleased with you.
You were full.
You were a stone statue.
You visited 5 branches of the dungeon, and saw 24 of its levels.
You also visited: Desolation.

You collected 1830 gold pieces.
You spent 1447 gold pieces at shops.

Inventory:

Hand Weapons
 L - the +5 morningstar "Basou" {venom, rF- Int+9}
   (You found it on level 13 of the Dungeon)

   It poisons the flesh of those it strikes.
   It affects your intelligence (+9).
   It makes you vulnerable to fire.
Missiles
 Q - 14 large rocks (quivered)
Armour
 b - a +1 shield (worn)
 i - the +0 hat "Bouca" (worn) {rElec Dex+8 SInv Stlth-}
   (You bought it in a shop on level 2 of the Orcish Mines)

   It affects your dexterity (+8).
   It insulates you from electricity.
   It lets you see invisible.
   It makes you less stealthy.
 D - a +0 troll leather armour
 M - a +2 robe of magic resistance (melded)
 T - a +1 cloak of magic resistance (worn)
Jewellery
 v - a ring of magical power (left claw)
 A - an uncursed ring of stealth
 F - an uncursed ring of magical power
 K - an uncursed ring of ice
 R - the ring of Creativity (right claw) {Wiz +Inv rElec SInv}
   (You took it off a deep elf death mage on level 3 of the Elven Halls)

   [ring of wizardry]

   It improves your spell success rate.
   It insulates you from electricity.
   It lets you see invisible.
   It lets you turn invisible.
 Y - the amulet of Vitality (around neck) {Regen+ HP+15}
   (You took it off a deep elf high priest on level 3 of the Elven Halls)

   [amulet of regeneration]

   It affects your health (+15).
   It increases your rate of regeneration.
 Z - an uncursed ring of protection from fire
Wands
 g - a wand of random effects (9/48)
 q - a wand of teleportation (0/9)
 r - a wand of hasting (0/9)
 z - a wand of flame (22/48)
 G - a wand of lightning (0/15)
 H - a wand of confusion (25/48)
 I - a wand of iceblast (4/15)
 J - a wand of enslavement (12/24)
 N - a wand of disintegration (8/24)
 P - a wand of digging (7/24)
Scrolls
 e - 2 scrolls of noise
 f - 7 scrolls of amnesia
 j - 2 scrolls of fog
 o - a scroll of blinking
 p - 2 scrolls of enchant armour
 s - 2 scrolls of fear
 x - a scroll of identify
 y - 4 scrolls of remove curse
 B - 2 scrolls of enchant weapon
 O - a scroll of immolation {unknown}
 W - a scroll of teleportation
Potions
 c - a potion of invisibility
 h - a potion of might
 k - a potion of brilliance
 n - 5 potions of curing
 w - 2 potions of heal wounds
 E - 6 potions of flight
 X - a potion of ambrosia
Books
 u - a book of Spatial Translocations

   Spells                             Type                      Level
   a - Apportation                    Translocation                1
   b - Blink                          Translocation                2
   c - Shroud of Golubria             Charms/Translocation         2
   d - Portal Projectile              Translocation                3
   e - Teleport Other                 Translocation                3
   f - Passage of Golubria            Translocation                4
 C - a manual of Armour
Miscellaneous
 a - a phantom mirror
 l - a phial of floods
 t - a fan of gales
 S - a sack of spiders
 V - a box of beasts
Comestibles
 d - 10 bread rations
 m - 5 meat rations
 U - 3 chunks of flesh


   Skills:
 + Level 8.1 Fighting
 + Level 4.0 Dodging
 - Level 10.2 Shields
 * Level 15.7 Unarmed Combat
 - Level 6.0 Spellcasting
 - Level 10.1 Transmutations
 - Level 12.0 Earth Magic
 + Level 10.6 Invocations


You had 3 spell levels left.
You knew the following spells:

 Your Spells              Type           Power        Failure   Level  Hunger
a - Apportation           Tloc           #.........   12%         1    None
b - Statue Form           Tmut/Erth      ####.....    21%         6    #######
c - Blink                 Tloc           N/A          19%         2    ##.....
d - Passage of Golubria   Tloc           N/A          90%         4    ####...
e - Passwall              Tmut/Erth      ####......   1%          2    ##.....
f - Swiftness             Chrm/Air       #.......     19%         2    ##.....
g - Controlled Blink      Tloc           N/A          100%        8    #######


Dungeon Overview and Level Annotations

Branches:
Dungeon (15/15)            Temple (0/1) D:6            Lair (2/6) D:8
  Snake (2/4) Lair:2          Orc (2/2) D:11            Elf (3/3) Orc:2
 Vaults (0/5) D:13         Depths (0/5) D:15
  Swamp: Lair:2-4    Shoals: Lair:2-4

Altars:
Qazlal
Sif Muna
Yredelemnul
Beogh

Shops:
D:14 (   Orc:1 [?:(?   Orc:2 ![[(

Portals:
Trove: D:15 (give +4 demon trident)

Annotations:
D:9 Nattefrost's ghost, novice HOBe
D:12 exclusion: upstairs, Snorg
D:13 exclusion: downstairs
D:14 Frances; Louise; azzavlup's ghost, journeyman TrFi
D:15 Kirke


Innate Abilities, Weirdness & Mutations

You are too large for most types of armour.
You have claws for hands.
Your metabolism is lightning-fast.
You like to eat raw meat.
You heal very quickly.
((You are covered in fur. (AC +1)))
((You have very tough skin. (AC +2)))
((You are partially covered in iridescent scales. (AC +2)))
((You are partially covered in thin metallic scales. (AC +2)))
Scrolls take you longer to read.
Your flesh is cold resistant. (rC+)
Armour fits poorly on your strangely shaped body.
Your muscles are very strong. (Str +4)
Your spells are a little harder to cast, but a little more powerful.


Message History

You are now empty-clawed.
Unknown command.
You scratch the crystal guardian but do no damage.
The crystal guardian hits you but does no damage.
Unknown command.
You eviscerate the crystal guardian!!!
The crystal guardian is almost destroyed.
The crystal guardian glitters, brittle, in the dim dungeon light.
The crystal guardian fires a crystalline bolt at you.
The crystal bolt freezes you! You resist.
* * * LOW HITPOINT WARNING * * *
The crystal bolt freezes you! You resist.
* * * LOW HITPOINT WARNING * * *
The crystal bolt freezes the crystal guardian.
The crystal guardian completely resists.
The crystal guardian fires a crystalline bolt at you.
The crystal bolt burns you!
* * * LOW HITPOINT WARNING * * *
The crystal bolt burns you!
You die...

##..#..## #§...............
#..##### #.§.§.§§..........
#..# ####...§..§..........
#..## ##§§#§§§§§..§.........
##..####.§§§§§§.§§...........
##...#..#.§§§§§§§§§.........
#...#..##§§§§§§§.§.........
##...)####§§§§§.§§.....§.§.
##..## #88§§§..§....§§§..
#### #§§.§§§§..........
##§§..........§.§§§
#.........##....§§§
#..........#..§§§§§
##.............§)§§
#.............§§†.
##################
#####################


You could see a crystal guardian.

Vanquished Creatures
  Bai Suzhen (Elf:3)
  A deep elf master archer (Elf:3)
  The ghost of 4thArraOfDagon the Scorcher, an adept OpFE of Sif Muna (Elf:3)
  A greater naga (Snake:2)
  Roxanne (D:15)
  The ghost of PeterLawrence the Bludgeoner, a journeyman MiFi of Okawaru (Desolation)
  5 deep elf sorcerers (Elf:3)
  3 imperial myrmidons (Desolation)
  3 orc warlords
  4 deep elf elementalists
  A large abomination (Elf:3)
  3 deep elf demonologists (Elf:3)
  A ragged hierophant (Desolation)
  The ghost of Amnesiac the Black Sun, a journeyman DEWz of Kikubaaqudgha (Desolation)
  A crystal guardian (Desolation)
  10 deep elf annihilators (Elf:3)
  5 deep elf death magi
  An ettin (D:15)
  5 deep elf high priests (Elf:3)
  4 vault guards (D:13)
  3 centaur warriors
  5 peacekeepers
  4 hydras
  A catoblepas (D:12)
  2 alligator snapping turtles (Desolation)
  A naga warrior (Snake:1)
  2 anacondas
  7 dancing weapons
  The ghost of flowsnake the Archer, a novice CeHu of Okawaru (D:11)
  3 servants of whispers (Desolation)
  A naga sharpshooter (Snake:1)
  Urug (D:14)
  A shock serpent (Snake:1)
  11 deep elf knights
  7 orc high priests
  A small abomination (Elf:3)
  A skeletal warrior (D:9)
  A salamander mystic (Snake:2)
  The ghost of Shenda the Carver, a novice FoFi of Okawaru (D:7)
  An unseen horror (D:12)
  3 hill giants
  7 orc knights
  14 deep elf archers
  A necromancer (D:9)
  11 orc sorcerers
  46 deep elf magi
  4 ugly things
  A griffon (D:13)
  3 manticores
  4 salamanders
  3 cyclopes
  6 elephants (Lair:2)
  13 black mambas
  4 guardian serpents (Desolation)
  A spiny frog (Lair:1)
  3 naga magi
  Psyche (D:8)
  3 gargoyles
  2 yaktaurs (D:15)
  3 kobold demonologists (D:14)
  A freezing wraith (D:14)
  4 komodo dragons
  7 trolls
  A two-headed ogre (shapeshifter) (Elf:3)
  Grinder (D:6)
  4 two-headed ogres (Orc:2)
  A harpy skeleton (D:15)
  5 slime creatures
  20 saltlings
  6 air elementals
  4 flying skulls (D:9)
  4 water elementals
  5 shadows
  2 wraiths
  2 wyverns
  3 hogs
  15 yaks
  3 hippogriffs
  A fire elemental (Elf:3)
  2 hungry ghosts
  A mottled dragon (D:13)
  Edmund (D:5)
  6 nagas
  4 wargs
  A soldier ant (D:11)
  6 water moccasins (Lair:2)
  An ice beast (D:11)
  53 orc warriors
  An eye of draining (D:11)
  3 sky beasts
  2 wasps
  4 necrophages
  2 phantoms
  18 ogres
  A crocodile (Lair:1)
  6 centaurs
  11 giant frogs
  A wyvern zombie (D:9)
  7 scorpions
  11 wights
  A howler monkey (D:5)
  3 centaur zombies
  6 crimson imps
  A quasit (D:7)
  A wasp zombie (D:9)
  10 hounds
  5 jellies
  34 orc priests
  6 giant frog skeletons
  5 centaur skeletons
  6 iguanas
  9 worker ants
  29 orc wizards
  A hound zombie (D:9)
  3 worker ant zombies
  6 gnolls
  2 howler monkey skeletons
  13 adders
  6 shadow imps
  4 adder skeletons
  2 adder zombies (D:9)
  A worm (D:3)
  4 giant geckos
  137 orcs
  2 ball pythons (Lair:2)
  4 giant cockroaches
  2 goblins (D:1)
  2 hobgoblins (D:2)
  3 jackals (D:3)
  A quokka (D:11)
  A giant newt (D:6)
  2 jackal skeletons
  3 kobolds
  A quokka zombie (D:9)
  6 crawling corpses (Elf:3)
  2 fungi
796 creatures vanquished.

Vanquished Creatures (others)
  A deep elf high priest (Elf:3)
  A deep elf mage (Elf:3)
  2 saltlings (Desolation)
  18 bushes (D:15)
22 creatures vanquished.

Grand Total: 818 creatures vanquished

Notes
Turn   | Place    | Note
-------+----------+-------------------------------------------
     0 | D:1      | 4thArraOfDagon the Troll Fighter began the quest for the Orb.
     0 | D:1      | Reached XP level 1. HP: 22/22 MP: 0/0
   106 | D:3      | Noticed an orc wizard
   106 | D:3      | Noticed an orc wizard
   118 | D:3      | Reached XP level 2. HP: 29/29 MP: 1/1
   140 | D:3      | Reached skill level 3 in Unarmed Combat
   140 | D:3      | Reached XP level 3. HP: 22/36 MP: 2/2
   170 | D:3      | Reached XP level 4. HP: 25/44 MP: 3/3
   172 | D:3      | Reached skill level 4 in Unarmed Combat
   233 | D:4      | Noticed an ogre
   243 | D:4      | Killed an ogre
   243 | D:4      | Reached XP level 5. HP: 16/50 MP: 4/4
   264 | D:4      | Found a stormy altar of Qazlal.
   267 | D:4      | Reached skill level 5 in Unarmed Combat
   273 | D:4      | Reached XP level 6. HP: 39/59 MP: 5/5
   276 | D:4      | Became a worshipper of Qazlal Stormbringer
   463 | D:3      | Reached skill level 1 in Invocations
   542 | D:5      | Entered Level 5 of the Dungeon
   565 | D:5      | Reached skill level 6 in Unarmed Combat
   571 | D:5      | Reached XP level 7. HP: 56/66 MP: 5/7
   585 | D:5      | Noticed Edmund
   594 | D:5      | Killed Edmund
   713 | D:6      | Found a basalt altar of Yredelemnul.
   742 | D:6      | Reached skill level 7 in Unarmed Combat
   745 | D:6      | Reached * piety under Qazlal
   788 | D:6      | Got a twisted dagger
   789 | D:6      | Reached XP level 8. HP: 74/74 MP: 9/9
   809 | D:6      | Found a staircase to the Ecumenical Temple.
   818 | D:6      | Noticed Grinder
   821 | D:6      | Paralysed by Grinder for 7 turns
   830 | D:6      | Killed Grinder
   830 | D:6      | Reached skill level 5 in Shields
  1034 | D:6      | Reached skill level 8 in Unarmed Combat
  1132 | D:7      | Learned a level 1 spell: Apportation
  1251 | D:7      | Noticed Shenda's ghost (novice FoFi)
  1279 | D:7      | Killed Shenda's ghost
  1279 | D:7      | Reached skill level 9 in Unarmed Combat
  1279 | D:7      | Reached XP level 9. HP: 53/80 MP: 11/11
  1367 | D:7      | Got a polished scimitar
  1374 | D:7      | Noticed a komodo dragon
  1431 | D:7      | Killed a komodo dragon
  1431 | D:7      | Reached ** piety under Qazlal
  1606 | D:7      | Reached skill level 5 in Invocations
  1615 | D:7      | Noticed a hill giant
  1627 | D:7      | Killed a hill giant
  1627 | D:7      | Reached skill level 10 in Unarmed Combat
  1676 | D:7      | Noticed a manticore
  1685 | D:7      | Killed a manticore
  1977 | D:8      | Reached XP level 10. HP: 45/87 MP: 13/13
  2090 | D:8      | Found a staircase to the Lair.
  2216 | D:8      | Reached skill level 11 in Unarmed Combat
  2367 | D:9      | Noticed a necromancer
  2390 | D:9      | Killed a necromancer
  2400 | D:9      | Noticed a skeletal warrior
  2430 | D:9      | Killed a skeletal warrior
  2570 | D:9      | Noticed Nattefrost's ghost (novice HOBe)
  2612 | D:9      | Noticed Psyche
  2674 | D:8      | Killed Psyche
  2896 | D:10     | Entered Level 10 of the Dungeon
  2928 | D:9      | Noticed a gargoyle
  2935 | D:10     | Killed a gargoyle
  2935 | D:10     | Reached XP level 11. HP: 39/100 MP: 15/15
  3023 | D:9      | Reached skill level 12 in Unarmed Combat
  3103 | D:9      | Reached *** piety under Qazlal
  3306 | D:10     | Gained mutation: You are robust. (+10% HP) [potion of mutation]
  3306 | D:10     | Lost mutation: You are robust. (+10% HP) [potion of mutation]
  3306 | D:10     | Gained mutation: You are partially covered in thin metallic scales. (AC +2) [potion of mutation]
  3330 | D:10     | Noticed a hill giant
  3347 | D:10     | Killed a hill giant
  3510 | D:10     | Noticed a hill giant
  3525 | D:10     | Killed a hill giant
  3608 | D:11     | Noticed an eight-headed hydra
  3683 | D:11     | Noticed a purple ugly thing
  3683 | D:11     | Noticed flowsnake's ghost (novice CeHu)
  3702 | D:12     | Reached skill level 5 in Fighting
  3731 | D:12     | Noticed a six-headed hydra
  3798 | D:12     | Noticed a cyan ugly thing
  3812 | D:12     | Killed a cyan ugly thing
  3828 | D:12     | Gained mutation: Your muscles are strong. (Str +2) [mutagenic meat]
  3874 | D:12     | Reached **** piety under Qazlal
  4069 | D:12     | Killed an unseen horror
  4069 | D:12     | Reached skill level 13 in Unarmed Combat
  4196 | D:11     | Noticed Snorg
  4199 | D:11     | Noticed a catoblepas
  4258 | D:13     | Gained mutation: Your mind is acute. (Int +2) [mutagenic meat]
  4261 | D:13     | Gained mutation: Scrolls take you a little longer to read. [mutagenic meat]
  4264 | D:13     | Gained mutation: Armour fits poorly on your strangely shaped body. [mutagenic meat]
  4284 | D:13     | Gained mutation: You are partially covered in iridescent scales. (AC +2) [potion of mutation]
  4284 | D:13     | Gained mutation: You are frail. (-10% HP) [potion of mutation]
  4294 | D:13     | Found a deep blue altar of Sif Muna.
  4505 | D:13     | Noticed a white ugly thing
  4507 | D:13     | Noticed a red ugly thing
  4538 | D:13     | Reached XP level 12. HP: 56/99 MP: 17/17
  4541 | D:13     | Noticed a vault guard
  4598 | D:13     | Killed a vault guard
  4616 | D:13     | Gained mutation: You heal very quickly. [mutagenic meat]
  4619 | D:13     | Gained mutation: Your spells are a little harder to cast, but a little more powerful. [mutagenic meat]
  4732 | D:14     | Noticed Frances
  4782 | D:13     | Got a shimmering morningstar
  4783 | D:13     | Identified the +5 morningstar "Basou" {venom, rF- Int+9} (You found it on level 13 of the Dungeon)
  4963 | D:15     | Entered Level 15 of the Dungeon
  4982 | D:15     | Found a portal to a secret trove of treasure.
  5015 | D:15     | Noticed Roxanne
  5160 | D:15     | Noticed a centaur warrior
  5169 | D:15     | Killed a centaur warrior
  5215 | D:14     | Found Toucridgh's Antique Weapon Shoppe.
  5281 | D:15     | Reached skill level 14 in Unarmed Combat
  5314 | D:15     | Noticed an eight-headed hydra
  5406 | D:15     | Killed a nine-headed hydra
  5462 | D:15     | Noticed a six-headed hydra
  5539 | D:15     | Killed an eight-headed hydra
  5614 | D:15     | Noticed Kirke
  5687 | D:14     | Noticed azzavlup's ghost (journeyman TrFi)
  5707 | D:14     | Noticed Urug
  5718 | D:14     | Killed Urug
  5845 | D:14     | Gained mutation: Your muscles are very strong. (Str +4) [mutagenic meat]
  5901 | D:14     | Noticed a centaur warrior
  5917 | D:14     | Noticed a seven-headed hydra
  5932 | D:13     | Found a gate to the Vaults.
  5965 | D:13     | Noticed a vault guard
  6002 | D:13     | Killed a vault guard
  6002 | D:13     | Reached XP level 13. HP: 43/111 MP: 18/18
  6540 | D:15     | Noticed an ettin
  6567 | D:15     | Killed an ettin
  6682 | D:15     | Killed Roxanne
  6682 | D:15     | Reached skill level 15 in Unarmed Combat
  6683 | D:15     | Identified Roxanne's Compendium of Transmigration (You took it off Roxanne on level 15 of the Dungeon)
  6691 | D:15     | Learned a level 6 spell: Statue Form
  6782 | D:15     | Found a staircase to the Depths.
  6844 | D:14     | Noticed Louise
  6977 | D:12     | Reached skill level 10 in Shields
  7175 | D:11     | Reached skill level 10 in Invocations
  7203 | D:11     | Gained mutation: Your flesh is cold resistant. (rC+) [mutagenic meat]
  7206 | D:11     | Lost mutation: Your mind is acute. (Int +2) [mutagenic meat]
  7268 | D:11     | Killed flowsnake's ghost
  7316 | D:11     | Learned a level 2 spell: Blink
  7337 | D:11     | Found a staircase to the Orcish Mines.
  7510 | Orc:1    | Entered Level 1 of the Orcish Mines
  7512 | Orc:1    | Found Pimyv's Weapon Boutique.
  7516 | Orc:1    | Reached skill level 1 in Earth Magic
  7527 | D:11     | Reached skill level 1 in Transmutations
  7693 | Orc:1    | Found Uvele's Magic Scroll Shoppe.
  7708 | Orc:1    | Reached skill level 1 in Spellcasting
  7738 | Orc:1    | Bought a scroll of acquirement for 572 gold pieces
  7738 | Orc:1    | Bought a scroll of teleportation for 33 gold pieces
  7855 | Orc:1    | Noticed an orc warlord
  7871 | Orc:1    | Killed an orc warlord
  7932 | Orc:2    | Entered Level 2 of the Orcish Mines
  8099 | Orc:1    | Found Ikalig's Antique Armour Boutique.
  8100 | Orc:1    | Found Haahoc's Magic Scroll Boutique.
  8111 | Orc:1    | Noticed an orc warlord
  8275 | Orc:2    | Reached XP level 14. HP: 89/119 MP: 20/20
  8336 | Orc:2    | Found Eruajeod's Distillery.
  8346 | Orc:2    | Found Laitet's Antique Armour Shoppe.
  8351 | Orc:2    | Bought a jewelled hat for 351 gold pieces
  8356 | Orc:2    | Identified the +0 hat "Bouca" {rElec Dex+8 SInv Stlth-} (You bought it in a shop on level 2 of the Orcish Mines)
  8390 | Orc:2    | Found a roughly hewn altar of Beogh.
  8794 | Orc:2    | Noticed an orc warlord
  8828 | Orc:2    | Killed an orc warlord
  8828 | Orc:2    | Reached skill level 5 in Earth Magic
  8831 | Orc:2    | Reached ***** piety under Qazlal
  8854 | Orc:2    | Found a roughly hewn altar of Beogh.
  8962 | Orc:2    | Found Vilitef's Armour Shop.
  9006 | Orc:2    | Found Zebluf Unwes's Weapon Boutique.
  9308 | Orc:2    | Bought an ichor-stained robe for 222 gold pieces
  9318 | Orc:2    | Identified the cursed +0 robe of Leaves {Stlth+} (You bought it in a shop on level 2 of the Orcish Mines)
  9340 | Orc:2    | Bought a potion of heal wounds for 70 gold pieces
  9379 | Orc:2    | Killed an orc warlord
  9541 | Orc:1    | Found Qasuuk's Book Shop.
  9599 | Orc:1    | Bought a slimy robe for 199 gold pieces
  9609 | Orc:1    | Identified the cursed +0 robe of the Blue Moon {Str+4} (You bought it in a shop on level 1 of the Orcish Mines)
  9633 | Orc:1    | Identified the +5 scimitar "Cycs" {vamp, +Fly rElec Str+2} (You found it on level 7 of the Dungeon)
  9634 | Orc:1    | Identified the +6 dagger of Lecwelas {pierce, Dex+3} (You found it on level 6 of the Dungeon)
  9635 | Orc:1    | jacquesderrida: Eeeeeeeeek
  9637 | Orc:1    | 4thArraOfDagon: eeeeeeeek
  9820 | Orc:2    | Found a staircase to the Elven Halls.
  9828 | Elf:1    | Entered Level 1 of the Elven Halls
  9855 | Elf:1    | Reached skill level 5 in Transmutations
  9874 | Elf:1    | Noticed a deep elf elementalist
  9877 | Elf:1    | Killed a deep elf elementalist
 10245 | Elf:2    | Reached XP level 15. HP: 111/126 MP: 21/21
 10376 | Elf:3    | Entered Level 3 of the Elven Halls
 10378 | Elf:3    | Noticed Bai Suzhen
 10404 | Elf:3    | Killed Bai Suzhen
 10412 | Elf:2    | Lost mutation: You are frail. (-10% HP) [potion of mutation]
 10412 | Elf:2    | Gained mutation: Scrolls take you longer to read. [potion of mutation]
 10443 | Elf:3    | Noticed a deep elf sorcerer
 10457 | Elf:3    | Killed a deep elf sorcerer
 10457 | Elf:3    | Noticed a deep elf sorcerer
 10458 | Elf:3    | Noticed a deep elf sorcerer
 10736 | Elf:2    | Reached ****** piety under Qazlal
 10806 | Elf:1    | Learned a level 4 spell: Passage of Golubria
 10809 | Elf:1    | Learned a level 2 spell: Passwall
 10812 | Elf:1    | Learned a level 2 spell: Swiftness
 11100 | Elf:3    | Noticed a deep elf sorcerer
 11103 | Elf:3    | WTF
 11104 | Elf:3    | Killed a deep elf sorcerer
 11112 | Elf:3    | Noticed a deep elf master archer
 11115 | Elf:3    | Turgon: Hi - teleport trap, or how did you come inside?
 11115 | Elf:3    | 4thArraOfDagon: yes, tele trap
 11119 | Elf:3    | Reached skill level 10 in Earth Magic
 11122 | Elf:3    | Killed a deep elf sorcerer
 11123 | Elf:3    | Killed a deep elf master archer
 11134 | Elf:3    | Reached XP level 16. HP: 134/149 MP: 22/22
 11135 | Elf:3    | Reached skill level 5 in Spellcasting
 11192 | Elf:3    | Got a fine pewter ring
 11212 | Elf:3    | Turgon: However, this worked fine
 11269 | Elf:3    | Identified the ring of Creativity {Wiz +Inv rElec SInv} (You took it off a deep elf death mage on level 3 of the Elven Halls)
 11434 | Elf:3    | Identified The Arcane Secrets of Spellcraft
 11444 | Elf:3    | Learned a level 8 spell: Controlled Blink
 11451 | Elf:3    | Identified Sif Muna's Guide on Ashen Orientation
 11498 | Elf:3    | Noticed 4thArraOfDagon's ghost (adept OpFE)
 11504 | Elf:3    | Killed 4thArraOfDagon's ghost
 11986 | Lair:1   | Entered Level 1 of the Lair of Beasts
 12148 | Lair:2   | Reached skill level 10 in Transmutations
 12225 | Lair:2   | Found a staircase to the Snake Pit.
 12241 | Snake:1  | Entered Level 1 of the Snake Pit
 12689 | Snake:2  | Reached XP level 17. HP: 158/158 MP: 25/25
 12702 | Snake:2  | Found a ruined silver gateway.
 12706 | Desolati | Entered the Desolation of Salt
 12879 | Desolati | Noticed PeterLawrence's ghost (journeyman MiFi)
 12881 | Desolati | Noticed Amnesiac's ghost (journeyman DEWz)
 12894 | Desolati | Killed Amnesiac's ghost
 12909 | Desolati | Killed PeterLawrence's ghost
 12934 | Desolati | Killed from afar by a crystal guardian

Vault maps used:
D:1:      lemuel_arrival_rhombus
D:2:      first_bread, uniq_terence, uniq_jessica
D:4:      grunt_qazlal_clouds, minmay_misc_feat_cross
D:5:      uniq_edmund
D:6:      grunt_ministairs_7, yredelemnul_altar_generic, uniq_blork_the_orc,
          uniq_grinder
D:7:      grunt_ogre_cave, wad_mini_maze
D:8:      erik_lair_orcish_takeover
D:9:      hangedman_screamer, uniq_psyche
D:11:     orc_0_dummy, serial_glass, glass_columns_b, glass_columns_b,
          uniq_snorg
D:13:     lightli_vaults_fourway_checkpoint, basic_altar
D:14:     minmay_misc_feat_more_columns, serial_shops,
          nicolae_shop_behind_doors, shop, uniq_urug, uniq_louise, uniq_frances
D:15:     hangedman_depths_entry_civil_slaughter, serial_park_square2,
          enter_trove_2, uniq_roxanne, uniq_kirke
Lair:1:   st_stairs_11, serial_bayou_lagoon_b
Lair:2:   minmay_shoals_entry_centaurs, minmay_snake_entry_six_corridors
Snake:1:  serial_shops, shop_fountains
Snake:2:  portal_desolation_entry_salt, lemuel_fruit_tree, minmay_shop_star
Orc:1:    serial_shops, shop, nicolae_shop_stone, nicolae_shop_crystal, shop,
          shop_fountains, minmay_orc_barracks
Orc:2:    pubby_orc_utopia, serial_shops
Elf:1:    minmay_elf_arrival_circle, serial_shops, shop, minivault_28
Elf:2:    uniq_aizul
Elf:3:    minmay_elf_hall_curves, uniq_bai_suzhen

Skill      XL: |  1  2  3  4  5  6  7  8  9 10 11 12 13 14 15 16 17 |
---------------+----------------------------------------------------+-----
Unarmed Combat | 3 4 5 6 7 9 10 11 13 14 15 | 15.7
Shields        | 3 4 5 6 7 8 9 10 | 10.2
Invocations    | 1 2 4 5 6 8 9 10 | 10.6
Fighting       | 4 5 7 8 |  8.1
Earth Magic    | 3 7 10 12 | 12.0
Transmutations | 3 6 8 10 | 10.1
Spellcasting   | 1 3 4 6 |  6.0
Dodging        | 4 |  4.0

Action                   |  1- 3 |  4- 6 |  7- 9 | 10-12 | 13-15 | 16-18 || total
-------------------------+-------+-------+-------+-------+-------+-------++-------
Melee: Unarmed           |    39 |    80 |   220 |   673 |  1082 |   368 ||  2462
Throw: Throwing net      |       |       |       |     1 |       |       ||     1
 Cast: Statue Form       |       |       |       |       |     3 |    17 ||    20
Invok: Upheaval          |       |       |       |    15 |    16 |     1 ||    32
       Elemental Force   |       |       |       |       |     1 |     1 ||     2
       Disaster Area     |       |       |       |       |     2 |     4 ||     6
 Abil: End Transformatio |       |       |       |       |       |     1 ||     1
Evoke: Wand              |       |       |       |     9 |    14 |       ||    23
  Use: Potion            |     1 |       |       |     3 |    10 |     2 ||    16
       Scroll            |       |       |     1 |     9 |    21 |     6 ||    37
 Stab: Held in net/web   |       |       |       |     1 |       |       ||     1
  Eat: Chunk             |     5 |     1 |    14 |    56 |    57 |    29 ||   162
       Beef jerky        |       |       |     1 |       |       |       ||     1
       Fruit             |       |       |       |     2 |       |       ||     2
       Pizza             |       |       |       |     1 |       |       ||     1
       Royal jelly       |       |       |       |       |     1 |       ||     1
Armor: Robe              |    24 |    11 |    35 |   108 |    66 |     6 ||   250
       Troll hide        |       |       |       |       |    26 |       ||    26
       Skin              |       |       |       |       |    25 |   142 ||   167
       Troll leather arm |       |       |       |       |     2 |       ||     2
Dodge: Dodged            |     8 |    17 |    52 |   126 |   147 |   120 ||   470
       Deflected         |       |       |       |     4 |    15 |    15 ||    34
Block: Shield            |     7 |    28 |   108 |   365 |   674 |   462 ||  1644
